 Dungeon Crawl Stone Soup version 0.29-a0-275-g389c0b56f3 (webtiles) character file.

Game seed: 16690111381395876137

1168 frimble the Skirmisher (level 8, 0/62 HPs)
             Began as a Djinni Cinder Acolyte on Mar 10, 2022.
             Was a High Priest of Ignis.
             Slain by an orc warrior
             ... wielding a +0 glaive
              (14 damage)
             ... on level 4 of the Dungeon.
             The game lasted 00:07:22 (8359 turns).

frimble the Skirmisher (Djinni Cinder Acolyte)      Turns: 8359, Time: 00:07:23

Health: 0/62       AC: 10    Str: 13    XL:     8   Next: 68%
Gold:   599        EV: 10    Int: 17    God:    Ignis [*****.] SH:  0 Dex: 10

rFire   + + +      SeeInvis +   a - +0 short sword (flame)
rCold   x . .      Faith    .   (no shield)
rNeg    . . .      Spirit   .   e - +2 ring mail "Unned" {rElec SInv}
rPois   ∞          Reflect  .   (no helmet)
rElec   +          Harm     .   (no cloak)
rCorr   .          Rampage  .   g - +2 pair of gloves
Will    .....                   (boots unavailable)
Stlth   ..........              (no amulet)
HPRegen 0.20/turn               (no ring)
MPRegen 0.00/turn               (no ring)

@: flying
A: sickness immunity, fire resistance 2, cold vulnerability 1, float, innate
caster, HP casting, extra vitality 1
a: Renounce Religion, Fiery Armour, Foxfire Swarm, Rising Flame


You were on level 4 of the Dungeon.
You worshipped Ignis.
Ignis was extremely pleased with you.
You visited 1 branch of the dungeon, and saw 5 of its levels.

You collected 599 gold pieces.

Inventory:

Hand Weapons
 a - a +0 short sword of flaming (weapon)
 n - a +3 dagger
 p - a +0 short sword of speed
Armour
 e - the +2 ring mail "Unned" (worn) {rElec SInv}
   (You found it on level 3 of the Dungeon)

   rElec:     It insulates you from electricity.
   SInv:      It lets you see invisible.
 g - a +2 pair of gloves (worn)
Jewellery
 m - a ring of see invisible
Scrolls
 b - a scroll of immolation
 d - 2 scrolls of blinking
 t - a scroll of teleportation
Potions
 c - a potion of attraction
 f - 4 potions of haste
 h - a potion of flight
 i - 4 potions of brilliance
 j - 4 potions of curing {unknown}
 k - a potion of mutation {unknown}
 l - 2 potions of might {unknown}
 q - a potion of berserk rage {unknown}
 r - a potion of lignification {unknown}
 s - a potion of heal wounds {unknown}


   Skills:
 + Level 6.3 Fighting
 + Level 5.8 Short Blades
 + Level 4.9 Spellcasting


You had 9 spell levels left.
You knew the following spells:

 Your Spells              Type           Power      Damage    Failure   Level
a - Scorch                Fire           40%        2d7       6%          2
b - Sandblast             Erth           40%        2d10      4%          1
c - Searing Ray           Conj           40%        2d5       6%          2
d - Call Imp              Summ           20%        N/A       6%          2
Your spell library was empty.

Dungeon Overview and Level Annotations

Branches:
Dungeon (5/15)             Temple (0/1) D:5

Altars:
Hepliaklqana
Sif Muna
Trog

Shops:
D:1 *


Innate Abilities, Weirdness & Mutations

You are immune to sickness and miasma.
You are immune to poison.
Your flesh is very heat resistant. (rF++)
You are vulnerable to cold. (rC-)
You float through the air rather than walking.
You learn spells naturally, not from books.
Your magical power is your life essence.
You have superior vitality. (+4 MHP)


Message History

You fly downwards.
There is a stone staircase leading up here.
An orc is nearby!
The orc hits you with a +0 mace!
You hit the orc. You burn the orc.
The orc is moderately wounded.
The orc hits you but does no damage.
You hit the orc but do no damage.
The orc is moderately wounded.
The orc completely misses you.
You barely miss the orc.
The orc is moderately wounded.
The orc hits you but does no damage.
You hit the orc but do no damage.
The orc is moderately wounded.
The orc barely misses you.
You hit the orc. You burn the orc.
You kill the orc!
Items here: )) [[.
Casting: Call Imp (safe; 6% risk of failure)
Confirm with . or Enter, or press ? or * to list all spells.
Flames lash the orc warrior.
The orc warrior is lightly wounded.
The orc warrior's fire resistance burns away.
Casting: Scorch (safe; 6% risk of failure)
Confirm with . or Enter, or press ? or * to list all spells.
Flames lash the orc warrior but do no damage.
The orc warrior hits you from afar with a +0 glaive!!
Casting: Scorch (safe; 6% risk of failure)
Confirm with . or Enter, or press ? or * to list all spells.
Flames lash the orc warrior but do no damage.
The orc warrior hits you from afar with a +0 glaive!
* * * LOW HITPOINT WARNING * * *
Casting: Scorch (safe; 6% risk of failure)
Confirm with . or Enter, or press ? or * to list all spells.
Flames lash the orc warrior but do no damage.
* * * LOW HITPOINT WARNING * * *
The orc warrior is no longer more vulnerable to fire.
The orc warrior hits you from afar with a +0 glaive!
You die...

#..............#.#.##...
#............#.#.#.#####
#..............#.#.# #
#.......#####..#.#.#####
#.......# #..)........
#.......## #.##.#....o.
#....#...####.##.....)..
#####...................
#.#@##########......
#.#..# #.#o.##...)..
.$##.o. #[##.#...... ##.
#....#.##.......
#.#...#.###......
#.#.#(. #......
#...8#.##..#### .
...####..# . ..8 #..#


You could see an orc warrior.

Vanquished Creatures
  An orc warrior (D:5)
  2 centaurs
  A phantom (D:4)
  Blork the orc (D:5)
  A scorpion (D:4)
  A necrophage (D:5)
  A bullfrog (D:4)
  A jelly (D:4)
  3 orc priests
  4 iguanas
  5 orc wizards
  8 adders
  9 worms
  4 dart slugs
  20 orcs
  8 ball pythons
  10 endoplasms
  2 giant cockroaches
  15 goblins
  9 hobgoblins
  4 quokkas
  4 bats
  6 frilled lizards
  7 kobolds
  7 rats
  A spectral hobgoblin (D:5)
135 creatures vanquished.

Vanquished Creatures (collateral kills)
  A goblin (D:4)
1 creature vanquished.

Vanquished Creatures (others)
  16 foxfires (D:1)
16 creatures vanquished.

Grand Total: 152 creatures vanquished

Notes
Turn   | Place    | Note
-------+----------+-------------------------------------------
     0 | D:1      | frimble the Djinni Cinder Acolyte began the quest for the
                  | Orb.
     0 | D:1      | Reached XP level 1. HP: 20/20 MP: 0/0
    68 | D:1      | Found a faded altar of an unknown god.
   249 | D:1      | Reached XP level 2. HP: 8/25 MP: 0/0
   517 | D:1      | HP: 1/25 [quokka (4)]
   885 | D:1      | Found Oshrualex's General Store.
  1086 | D:1      | Reached XP level 3. HP: 30/30 MP: 0/0
  1086 | D:1      | Learned a level 1 spell: Sandblast
  1767 | D:2      | Identified the +1 mace of Calculation {spect, Contam Drain
                  | Dex+8 Stlth+}
  1861 | D:2      | Reached XP level 4. HP: 22/36 MP: 0/0
  3282 | D:3      | Identified the +2 ring mail "Unned" {rElec SInv}
  3390 | D:3      | Noticed a centaur
  3413 | D:3      | Killed a centaur
  3414 | D:3      | Reached skill level 4 in Fighting
  3414 | D:3      | Reached XP level 5. HP: 38/41 MP: 0/0
  3414 | D:3      | Learned a level 2 spell: Searing Ray
  3501 | D:3      | Reached XP level 6. HP: 23/48 MP: 0/0
  5119 | D:4      | Reached XP level 7. HP: 49/53 MP: 0/0
  5119 | D:4      | Learned a level 2 spell: Call Imp
  5184 | D:4      | Reached skill level 5 in Fighting
  6074 | D:5      | Entered Level 5 of the Dungeon
  6096 | D:5      | HP: 2/54 [orc/+0 hand axe (5)]
  6639 | D:4      | Reached skill level 5 in Short Blades
  6861 | D:5      | Reached XP level 8. HP: 43/61 MP: 0/0
  6963 | D:5      | Found a staircase to the Ecumenical Temple.
  7348 | D:5      | Found a hazy altar of Hepliaklqana.
  7417 | D:5      | Reached skill level 6 in Fighting
  7417 | D:5      | Found a bloodstained altar of Trog.
  7478 | D:5      | Noticed Blork the orc
  7492 | D:5      | Killed Blork the orc
  8359 | D:4      | Slain by an orc warrior

Illustrated notes

Levels and vault maps discovered:
D:1:      heliophobic_arrival_glass_houses, layout_basic,
          ebering_ecumenical_altar_mist, serial_shops, nicolae_shop_statue_plus
D:2:      layout_basic, minmay_circle_x
D:3:      layout_basic, nicolae_wormholes
D:4:      minmay_polygon_palace, layout_basic, guppyfry_early_orc_mine
D:5:      layout_basic, nzn_overflow_gifts_of_might_and_magic,
          nicolae_hepliaklqana_monster_ancestors, minmay_temple_entry_junction,
          uniq_blork_the_orc

Skill      XL: |  1  2  3  4  5  6  7  8 |
---------------+-------------------------+-----
Short Blades   | 3 4 5 |  5.8
Spellcasting   | 3 4 |  4.9
Fighting       | 4 5 6 |  6.3

Action                   |  1- 3 |  4- 6 |  7- 9 || total
-------------------------+-------+-------+-------++-------
Melee: Short sword       |   101 |   210 |   204 ||   515
       Punch             |     1 |     5 |     4 ||    10
 Cast: Scorch            |    11 |    34 |    29 ||    74
       Searing Ray       |       |     1 |     5 ||     6
       Call Imp          |       |       |     3 ||     3
Invok: Foxfire Swarm     |     1 |       |       ||     1
  Use: Scroll            |     3 |     7 |     4 ||    14
       Potion            |       |       |     1 ||     1
 Stab: Sleeping          |     1 |       |       ||     1
Armor: Robe              |    36 |    21 |       ||    57
       Ring mail         |       |    60 |   105 ||   165
Dodge: Dodged            |    66 |   103 |   115 ||   284

Table legend: (Time is in decaauts)
 A = Elapsed time spent in this place.
 B = Non-inter-level travel time spent in this place.
 C = Inter-level travel time spent in this place.
 D = Time resting spent in this place.
 E = Time spent auto-exploring this place.
 F = Levels seen in this place.
 G = Mean time per level.
                   A        B        C        D        E       F      G
               +--------+--------+--------+--------+--------+-----+--------+
         Total |   8297 |   8049 |    248 |    855 |   5993 |   5 | 1659.4 |
       Dungeon |   8297 |   8049 |    248 |    855 |   5993 |   5 | 1659.4 |
               +--------+--------+--------+--------+--------+-----+--------+

Top non-repeatable levels by time:
     D:4: 2169 daAuts
     D:2: 1860 daAuts
     D:3: 1801 daAuts
     D:1: 1234 daAuts
     D:5: 1231 daAuts
